 Dungeon Crawl Stone Soup version 0.22-a0-142-g91cc6d715c (webtiles) character file.

168 Azzok the Skirmisher (level 5, 0/37 HPs)
             Began as a Gargoyle Fighter on Feb 5, 2018.
             Killed by divine providence
             ... invoked by an orc priest
              (10 damage)
             ... on level 4 of the Dungeon.
             The game lasted 00:05:18 (2659 turns).

Azzok the Skirmisher (Gargoyle Fighter)             Turns: 2659, Time: 00:05:19

Health: 0/37       AC: 13    Str: 20    XL:     5   Next: 49%
Magic:  5/5        EV:  9    Int:  9    God:
Gold:   161        SH:  0    Dex:  9    Spells: 4/4 levels left

rFire    . . .     SeeInvis .   a - +0 long sword
rCold    . . .     Gourm    .   (no shield)
rNeg     + . .     Faith    .   b - +0 scale mail
rPois    ∞         Spirit   .   (no helmet)
rElec    +         Reflect  .   (no cloak)
rCorr    .         Harm     .   (no gloves)
MR       .....                  e - +1 pair of boots
Stlth    ..........             (no amulet)
HPRegen  0.12/turn              (no ring)
MPRegen  0.09/turn              (no ring)

@: no status effects
A: negative energy resistance 1, electricity resistance, unbreathing,
petrification resistance, rot immunity, AC +4
a: no special abilities


You were on level 4 of the Dungeon.
You were not hungry.

You visited 1 branch of the dungeon, and saw 4 of its levels.

You collected 161 gold pieces.

Inventory:

Hand Weapons
 a - a +0 long sword (weapon)
Armour
 b - a +0 scale mail (worn)
 c - a +0 shield
 e - a +1 pair of boots (worn)
Jewellery
 h - an uncursed ring of stealth {unknown}
 r - an uncursed ring of ice
Scrolls
 g - a scroll of amnesia {unknown}
 i - a scroll of remove curse {unknown}
 k - a scroll of identify {unknown}
 m - a scroll of teleportation {unknown}
 q - a scroll of magic mapping {unknown}
 t - a scroll of fear {unknown}
Potions
 d - a potion of might
 j - a potion of brilliance {unknown}
 l - a potion of heal wounds {unknown}
 n - a potion of magic {unknown}
 o - 2 potions of curing {unknown}
Books
 s - a book of Conjurations

   Spells                             Type                      Level
   a - Magic Dart                     Conjuration                  1
   b - Searing Ray                    Conjuration                  2
   c - Dazzling Spray                 Conjuration/Hexes            3
   d - Fulminant Prism                Conjuration/Hexes            4
   e - Force Lance                    Conjuration/Translocation    4
   f - Iskenderun's Mystic Blast      Conjuration                  4
Comestibles
 f - 4 rations
 p - 6 chunks of flesh


   Skills:
 + Level 6.6 Fighting
 - Level 1.7 Long Blades
 - Level 3.2 Armour
 - Level 3.2 Shields


You had 4 spell levels left.
You didn't know any spells.

Dungeon Overview and Level Annotations

Branches:
Dungeon (4/15)
 Temple: D:4-7

Altars:
Nemelex Xobeh
Sif Muna
The Shining One


Innate Abilities, Weirdness & Mutations

You are resistant to torment.
Your stone body is resilient. (AC +4)
You are immune to poison.
You resist negative energy. (rN+)
You are resistant to electric shocks. (rElec)
You can survive without breathing.
You are immune to petrification.
You are immune to rotting.


Message History

The tomahawk hits you but does no damage.
The orc wizard barely misses you.
The orc priest calls down the wrath of Beogh upon you.
Beogh smites you!
The orc throws a tomahawk.
The tomahawk misses you.
You hit the orc wizard.
The orc wizard is moderately wounded.
You feel less confused.
The orc wizard gestures at you while chanting.
You resist with some effort.
The orc priest calls down the wrath of Beogh upon you.
Beogh smites you!
* * * LOW HITPOINT WARNING * * *
The orc throws a tomahawk.
The tomahawk hits you but does no damage.
The orc priest barely misses you.
The orc wizard hits you but does no damage.
You hit the orc priest but do no damage.
The orc priest mumbles some strange prayers to Beogh against you.
Beogh smites you!
You die...

▒· ▒· ▒· ▒▒·▒▒
···▒ ▒▒▒·▒▒▒▒
▒··oo@(▒▒▒▒▒·▒
▒▒▒···▒▒o······▒
▒·······▒▒▒▒····
▒$▒·······▒ ▒▒
▒·········▒
▒▒▒▒▒··o▒▒▒
▒···▒ ▒···▒
▒··!·


You could see 2 orc priests and an orc wizard.

Vanquished Creatures
  A hound (D:3)
  An orc priest (D:4)
  4 adders
  2 oozes
  2 worms (D:2)
  3 leopard geckos (D:3)
  An orc (D:3)
  3 giant cockroaches
  8 goblins
  6 hobgoblins
  6 jackals (D:1)
  2 ball pythons
  5 bats
  6 kobolds
  2 rats
52 creatures vanquished.

Notes
Turn   | Place    | Note
-------+----------+-------------------------------------------
     0 | D:1      | Azzok the Gargoyle Fighter began the quest for the Orb.
     0 | D:1      | Reached XP level 1. HP: 14/14 MP: 1/1
   606 | D:1      | Found a sparkling altar of Nemelex Xobeh.
   643 | D:1      | Reached XP level 2. HP: 20/20 MP: 2/2
   646 | D:1      | Reached skill level 4 in Fighting
  1287 | D:2      | Reached XP level 3. HP: 24/24 MP: 3/3
  1453 | D:2      | Reached skill level 5 in Fighting
  1865 | D:2      | Reached XP level 4. HP: 31/31 MP: 4/4
  1960 | D:2      | Found a deep blue altar of Sif Muna.
  2201 | D:3      | Reached skill level 6 in Fighting
  2250 | D:3      | Reached XP level 5. HP: 35/36 MP: 5/5
  2295 | D:3      | Found a glowing golden altar of the Shining One.
  2659 | D:4      | Killed from afar by an orc priest

Vault maps used:
D:1:      onia_arrival_mini_maze_b, serial_forest, infiniplex_forest_straight_4,
          infiniplex_forest_diagonal, infiniplex_forest_clump_medium,
          infiniplex_forest_straight_1, infiniplex_forest_clump_tiny,
          infiniplex_forest_clump_large, infiniplex_forest_straight_4,
          infiniplex_forest_lined_1, infiniplex_forest_side_room,
          nemelex_xobeh_ov_fountains_minmay
D:2:      minmay_door_path, corexii_shack, lemuel_blue_sif_altar
D:3:      lemuel_doored_altar
D:4:      kennysheep_mini, first_ration, minmay_cut_off

Skill      XL: |  1  2  3  4 |
---------------+-------------+-----
Fighting       | 4 5 6 |  6.6
Long Blades    | |  1.7
Armour         | |  3.2
Shields        | |  3.2

Action                   |  1- 3 |  4- 6 || total
-------------------------+-------+-------++-------
Melee: Long sword        |   115 |   109 ||   224
  Eat: Chunk             |     3 |     3 ||     6
Armor: Scale mail        |    85 |    95 ||   180
Dodge: Dodged            |    65 |    68 ||   133
       Rpst.: Long sword |    17 |    19 ||    36

Table legend:
 A = Spawn XP
 B = Non-spawn XP
 C = Spawn XP percentage of total XP
 D = Spawn monster count
 E = Non-spawn monster count
 F = Spawn count percentage of total count
 G = Total turns spent on level
                    A         B        C        D         E        F      G
               +---------+---------+-------+---------+---------+-------+---------
         Total |       0 |     241 |   0.0 |       0 |      52 |   0.0 |  2659
               +---------+---------+-------+---------+---------+-------+---------
           D:1 |       0 |      31 |   0.0 |       0 |      15 |   0.0 |  1265
           D:2 |       0 |      61 |   0.0 |       0 |      15 |   0.0 |   859
           D:3 |       0 |     109 |   0.0 |       0 |      21 |   0.0 |   511
           D:4 |       0 |      40 |   0.0 |       0 |       1 |   0.0 |    24
               +---------+---------+-------+---------+---------+-------+---------
